Workbook

Sheet ГП-75
J1: Приложение №
J2: к Договору подряда №
A4: ПОДРЯДЧИК: | E4: ТЕХНИЧЕСКИЙ ЗАКАЗЧИК: | H4: ЗАКАЗЧИК:
E6: ООО "Технический заказчик "ЭНКО"
A8: ______________/ | E8: _____________/ С.И. Ярков | H8: _________________/ С.И. Ярков
A11: Локальный сметный расчет №1
A12: Освещение фасада ГП-75
A14: № | B14: Наименование | C14: Марка/ Завод изготовитель | D14: Характеристика | E14: Ед. изм. | F14: Кол-во | G14: Цена за ед. | H14: Сумма | I14: Примечание | J14: Форма закупа материала
A15: 05 | B15: Фасад
A16: 05.05 | B16: Освещение фасада
A17: 05.05.01 | B17: Прокладка кабеля, трубы
A18: 05.05.01.00 | B18: Прокладка кабеля, трубы | H18: =H19+H29 -> 0
B19: Работа: | H19: =SUM(H20:H28) -> 0
B20: Прокладка кабеля тип 1 | E20: м | F20: =F30 -> 20 | G20: =VLOOKUP(B20,работа!$B$20:$H$43,6,0) -> 0 | H20: =G20*$F20 -> 0 | I20: ВВГнг(А)-LS-0,66 3х4
B21: Прокладка кабеля тип 2 | E21: м | F21: =F31 -> 1620 | G21: =VLOOKUP(B21,работа!$B$20:$H$43,6,0) -> 0 | H21: =G21*$F21 -> 0 | I21: ВВГнг(А)-LS-0,66 3х2,5
B22: Прокладка кабеля тип 3 | E22: м | F22: =F32 -> 2345 | G22: =VLOOKUP(B22,работа!$B$20:$H$43,6,0) -> 0 | H22: =G22*$F22 -> 0 | I22: ВВГнг(А)-LS-0,66 2х2,5
B23: Прокладка провода тип 1 | E23: м | F23: =F33 -> 30 | G23: =VLOOKUP(B23,работа!$B$20:$H$43,6,0) -> 0 | H23: =G23*$F23 -> 0 | I23: ПуГВнг(А)-LS 1х2,5
B24: Прокладка трубы тип 1 | E24: м | F24: =F34 -> 1935 | G24: =VLOOKUP(B24,работа!$B$20:$H$43,6,0) -> 0 | H24: =G24*$F24 -> 0
B25: Прокладка трубы тип 2 | E25: м | F25: =F35 -> 1455 | G25: =VLOOKUP(B25,работа!$B$20:$H$43,6,0) -> 0 | H25: =G25*$F25 -> 0
B26: Прокладка трубы тип 3 | E26: м | F26: =F36 -> 705 | G26: =VLOOKUP(B26,работа!$B$20:$H$43,6,0) -> 0 | H26: =G26*$F26 -> 0
B27: Прокладка трубы тип 4 | E27: м | F27: =F37 -> 12 | G27: =VLOOKUP(B27,работа!$B$20:$H$43,6,0) -> 0 | H27: =G27*$F27 -> 0
B28: Монтаж лотка | E28: м | F28: =F38*3 -> 96 | G28: =VLOOKUP(B28,работа!$B$20:$H$43,6,0) -> 0 | H28: =G28*$F28 -> 0
B29: Материалы: | H29: =SUM(H30:H47) -> 0
B30: Кабель тип 1 | C30: ВВГнг(А)-LS-0,66 | D30: 3х4 | E30: м | F30: 20 | G30: =материалы!G20 -> 0 | H30: =G30*$F30 -> 0
B31: Кабель тип 2 | C31: ВВГнг(А)-LS-0,66 | D31: 3х2,5 | E31: м | F31: 1620 | G31: =материалы!G21 -> 0 | H31: =G31*$F31 -> 0
B32: Кабель тип 3 | C32: ВВГнг(А)-LS-0,66 | D32: 2х2,5 | E32: м | F32: 2345 | G32: =материалы!G22 -> 0 | H32: =G32*$F32 -> 0
B33: Провод тип 1 | C33: ПуГВнг(А)-LS | D33: 1х2,5 | E33: м | F33: =15+15 -> 30 | G33: =материалы!G23 -> 0 | H33: =G33*$F33 -> 0 | I33: ЩАХО-1,ЩАХО-2
B34: Труба тип 1 | C34: Промрукав | D34: Гофрированная труба из ПВХ d16 | E34: м | F34: 1935 | G34: =материалы!G24 -> 0 | H34: =G34*$F34 -> 0 | I34: по плитам перекрытия,стенам фасадам.
B35: Труба тип 2 | C35: Промрукав | D35: Гофрированная труба из ПВХ d20 | E35: м | F35: 1455 | G35: =материалы!G25 -> 0 | H35: =G35*$F35 -> 0 | I35: по плитам перекрытия,стенам фасадам.
B36: Труба тип 3 | C36: Промрукав | D36: Гофрированная труба из ПНД d20 | E36: м | F36: 705 | G36: =материалы!G26 -> 0 | H36: =G36*$F36 -> 0 | I36: по плитам перекрытия,стенам фасадам.
B37: Труба тип 4 | C37: Промрукав | D37: Труба жесткая ПВХ 3-х метровая легкая атмосферостойкая d25 мм | E37: м | F37: 12 | G37: =материалы!G27 -> 0 | H37: =G37*$F37 -> 0 | I37: Проходы через стены и перекрытия
B38: Лоток кабельный (шт) | C38: DKC | D38: Лоток 50х50 толщ. 1,2 мм, горячеоцинкованный, L=3000 м | E38: шт | F38: 32 | G38: =материалы!G28 -> 0 | H38: =G38*$F38 -> 0
B39: Крышка для кабельного лотка | C39: DKC | D39: Крышка на лоток с заземлением осн. 50 мм, толщ. 1,2 мм, горячеоцинкованная | E39: шт | F39: 32 | G39: =материалы!G29 -> 0 | H39: =G39*$F39 -> 0
B40: Прочие материалы
B41: Универсальный пластиковый держатель с бетоном | C41: DKC | E41: шт. | F41: 128 | G41: =материалы!G31 -> 0 | H41: =G41*$F41 -> 0
B42: Скоба ВММ-10 (ТМ) | C42: DKC | E42: шт. | F42: 64 | G42: =материалы!G32 -> 0 | H42: =G42*$F42 -> 0
B43: Саморез 5.5х13 мм, DIN7981 | E43: шт. | F43: 128 | G43: =материалы!G33 -> 0 | H43: =G43*$F43 -> 0
B44: Шайба пружинная М6, ГОСТ 6402-70 | E44: шт. | F44: 64 | G44: =материалы!G34 -> 0 | H44: =G44*$F44 -> 0
B45: Шайба плоская М6, ГОСТ 11371-78 | E45: шт. | F45: 128 | G45: =материалы!G35 -> 0 | H45: =G45*$F45 -> 0
B46: Винт М6х10 мм, ГОСТ 17473-80 | E46: шт. | F46: 64 | G46: =материалы!G36 -> 0 | H46: =G46*$F46 -> 0
B47: Гайка М6, ГОСТ 5915-70 | E47: шт. | F47: 64 | G47: =материалы!G37 -> 0 | H47: =G47*$F47 -> 0
A48: 05.05.02 | B48: Установка оборудования
A49: 05.05.02.00 | B49: Установка оборудования | H49: =H50+H54 -> 0
B50: Работа: | H50: =SUM(H51:H53) -> 0
B51: Пробивка отверстий | E51: шт | F51: =SUM(F55:F56) -> 391 | G51: =VLOOKUP(B51,работа!$B$20:$H$43,6,0) -> 0 | H51: =G51*$F51 -> 0
B52: Установка архитектурной подсветки фасада | E52: шт | F52: =SUM(F55:F56) -> 391 | G52: =VLOOKUP(B52,работа!$B$20:$H$43,6,0) -> 0 | H52: =G52*$F52 -> 0
B53: Монтаж щита | E53: шт | F53: =SUM(F57:F59) -> 10 | G53: =VLOOKUP(B53,работа!$B$20:$H$43,6,0) -> 0 | H53: =G53*$F53 -> 0
B54: Материалы: | H54: =SUM(H55:H72) -> 0
B55: Архитектурная подсветка | C55: Range SPOT-110 | D55: Светильник светодиодный настенный Range SPOT-110, 12 Вт, 220 В, 10 град., 4000 К | E55: шт | F55: 95 | G55: =материалы!G41 -> 0 | H55: =G55*$F55 -> 0 | I55: RAL по согласованию с Заказчиком ,на фасаде здания 1 этажа
B56: Архитектурная подсветка | C56: Range-А4 | D56: Прожектор светодиодный Range-A4, 3 Вт, 48 В, 3 град., 4000 К | E56: шт | F56: 296 | G56: =материалы!G42 -> 0 | H56: =G56*$F56 -> 0 | I56: RAL по согласованию с Заказчиком ,на фасаде на высоте
B57: Щит фасадного освещения ЩАХО1 | C57: КЭАЗ | D57: ЩРН-п-54 IP41 | E57: шт | F57: 1 | G57: =материалы!G43 -> 0 | H57: =G57*$F57 -> 0 | I57: ЩАХО1, Щит распределительный навесной пластиковый для модульной аппаратуры на 54 модуля ЩРН-п-54, белый, P-BNK-2-54-IP41 ЩРн-п-54 IP41, -шт. 1 состав которого входит: - Выключатель нагрузки однополюсный, In=20А, Ue=400, ВВН-102 2Р 20А -шт. 1; - Реле напряжения, In=25A, Un=220В РН25t НОВАТЕК-ЭЛЕКТРО -шт. 1;- Счетчик эл.энергии однофазный многотарифный, 5(60), кл.точ. 1.0, D, ЭМОУ,CE101 R5 145 M6,Энергомера шт. 1;- Автоматический выключатель однополюсный, In = 6 A, Ics = 4,5 кА,ВА101-1Р-006А-C-шт. 2; - Многофункциональное реле времени РЭВ-302, Un=90-420В, In=16A. РЭВ-302,НОВАТЕК-ЭЛЕКТРО-шт. 1;- Модульный контактор однополюсный, 2НО, In=20А;МК103-020A-230B-20-шт. 1;- Автоматический выключатель дифференциального тока, двухполюсный, хар. С, In=6А, Ue=230В, Ics = 4,5 кА, ΔI=30мА, ДИФ101-1N-006-030-C-шт. 5;- Реле ограничения пускового тока, In=8 A, Un=230 В, ограничение тока емкостных нагрузок 30 А МРП-108-шт. 4;- Шины на Din-рейку в корпусе (кросс-модуль),ШНК 2х15 L+PEN,YND10-2-15-125,IEK-шт. 1
B58: Щит фасадного освещения ЩАХО2 | C58: КЭАЗ | D58: ЩРН-п-54 IP41 | E58: шт | F58: 1 | G58: =материалы!G44 -> 0 | H58: =G58*$F58 -> 0 | I58: Щит распределительный навесной пластиковый для модульной ЩРн-п-54 IP41 аппаратуры на 54 модуля ЩРН-п-36, белый, P-BNK-2-54-IP41 в состав которого входит: КЭАЗ-шт. 1; - Выключатель нагрузки однополюсный, In=20А, Ue=400 В ВН-102 2Р 20А шт. 1- Реле напряжения, In=25A, Un=220В РН25t НОВАТЕК-ЭЛЕКТРО-шт. 1;- Счетчик эл.энергии однофазный многотарифный, 5(60), кл.точ. 1.0, D, ЭМОУ CE101 R5 145 M6 Энергомера-шт. 1;- Автоматический выключатель однополюсный, In = 6 A, ВА101-1Р-006А-C Ics = 4,5 кА DEKraft-шт. 1;- Модульный контактор однополюсный, 2НО, In=20А МК103-020A-230B-20 DEKraft-шт. 1;- Автоматический выключатель дифференциального тока, двухполюсный, хар. С, In=6А, Ue=230В, Ics = 4,5 кА, ΔI=30мА ДИФ101-1N-006-030-C DEKraft-шт. 6;- Реле ограничения пускового тока, In=8 A, Un=230 В, ограничение тока емкостных нагрузок 30 А МРП-108-шт. 4; - Шины на Din-рейку в корпусе (кросс-модуль) ШНК 2х15 L+PEN YND10-2-15-125 IEK шт. 1
B59: Щит распределительный тип1 | C59: IEK | D59: ЩРн-12 IP54 | E59: шт | F59: 8 | G59: =материалы!G45 -> 0 | H59: =G59*$F59 -> 0 | I59: Щит распределительный для модульной аппаратуры разм.240х330х120мм MKM11-N-12-54-Z-1шт в состав входит: Блок питания, 350 Вт, 48 В ERP-350-48 MEAN WELL-1шт, Диммер для регулирования светового потока, 48 В-1шт.
B60: Прочие материалы | G60: =материалы!G46 -> 0
B61: Крепление | C61: Range-A4 | D61: Крепление прожектора светодиодного Range-A4 к фасаду здания | E61: компл. | F61: =F56 -> 296 | G61: =материалы!G47 -> 0 | H61: =G61*$F61 -> 0 | I61: RAL по согласованию с Заказчиком см. лист10062-СЗ26.ЭН1.Н1
B62: Крепление | C62: Range SPOT-110 | D62: Крепление светильника светодиодного настенного Range SPOT-110 к фасаду здания | E62: компл. | F62: =F55 -> 95 | G62: =материалы!G48 -> 0 | H62: =G62*$F62 -> 0 | I62: RAL по согласованию с Заказчиком см. лист 10062-СЗ26.ЭН1.Н2
B63: Крепление | D63: Крепление лотка на кровле здания | E63: компл. | F63: 1 | G63: =материалы!G49 -> 0 | H63: =G63*$F63 -> 0 | I63: 10062-СЗ26.ЭН1.Н3
B64: Коробка распределительная, IP55 | C64: Systeme Electric | D64: 85х85х40мм | E64: шт | F64: 16 | G64: =материалы!G50 -> 0 | H64: =G64*$F64 -> 0 | I64: на плите перекрытия , на стенах здания
B65: Коробка распределительная, IP54 | C65: RUVinil | D65: 43х80х35мм | E65: шт | F65: 185 | G65: =материалы!G51 -> 0 | H65: =G65*$F65 -> 0 | I65: на плите перекрытия , на стенах здания
B66: Площадка монтажная под винт | C66: IEK | D66: ПМ 22х16х6 мм | E66: шт | F66: 9168 | G66: =материалы!G52 -> 0 | H66: =G66*$F66 -> 0
B67: Хомут морозостойкий | C67: IEK | D67: Хкм 3,6х200 | E67: шт | F67: 9168 | G67: =материалы!G53 -> 0 | H67: =G67*$F67 -> 0
B68: Противопожарная монтажная пена | D68: 750 мл, выход пены на 45 литров | E68: шт | F68: 8 | G68: =материалы!G54 -> 0 | H68: =G68*$F68 -> 0 | I68: Запенивание отверстий ,ниш
B69: Гвозди по бетону и метталлу | D69: Усиленные гвозди по бетону и металлу Toua CN EG Bullet Point - 25 мм | E69: упак. | F69: 10 | G69: =материалы!G55 -> 0 | H69: =G69*$F69 -> 0
B70: Клемма 3-проводная прозрачная | D70: Клемма 3-проводная, прозрачная 0,5-4 мм2 | E70: шт | F70: 294 | G70: =материалы!G56 -> 0 | H70: =G70*$F70 -> 0
B71: Клемма 5-проводная прозрачная | C71: Toua Premium FCG | D71: Клемма 5-проводная, прозрачная 0,5-4 мм2 | E71: шт | F71: 189 | G71: =материалы!G57 -> 0 | H71: =G71*$F71 -> 0
B72: Баллон газовый | C72: WAGO | D72: Баллон газовый на 1000 гвоздей 165A с зеленым клапаном. | E72: шт | F72: 10 | G72: =материалы!G58 -> 0 | H72: =G72*$F72 -> 0
A73: 05.05.03 | B73: ПНР
A74: 05.05.03.00 | B74: Пусконаладочные работы | H74: =H75+H77 -> 0
B75: Работа: | H75: =SUM(H76) -> 0
B76: Пусконаладочные работы освещения фасада | E76: комплекс | F76: 1 | G76: =VLOOKUP(B76,работа!$B$20:$H$43,6,0) -> 0 | H76: =G76*$F76 -> 0
B77: Материалы: | H77: =SUM(H78) -> 0
B78: - | H78: =G78*F78 -> 0
A79: 05.05.99 | B79: Прочие работы
A80: 05.05.99.00 | B80: Прочие работы
B81: Работа: | H81: =SUM(H82:H83) -> 0
B82: Юстировка осветительного оборудования | E82: комплекс | F82: 1 | G82: =VLOOKUP(B82,работа!$B$20:$H$43,6,0) -> 0 | H82: =G82*$F82 -> 0
B83: Аренда фасадного подъемника/услуги альпиниста | E83: комплекс | F83: 1 | G83: =VLOOKUP(B83,работа!$B$20:$H$43,6,0) -> 0 | H83: =G83*$F83 -> 0
B84: Материалы:
B85: -
G86: Итого по ЛСР, в тч НДС: | H86: =H87+H88 -> 0 | K86: Либо указать: Без НДС
G87: в тч стоимость работ: | H87: =H75+H50+H19+H81 -> 0
G88: в тч стоимость материалов: | H88: =H77+H54+H29 -> 0
G89: в тч НДС: | K89: Либо указать: нет
B92: Примечание:
A93: - | B93: В пусконаладочных работах учитывать: Протоколы ЭТЛ
A94: - | B94: Стоимость СМР учитывает - затраты на все второстепенные материалы и работы необходимые для осуществления полного комплекса работ, включая затраты: обеспечение технической водой для производства работ и бытовых целей; на мобилизацию, аренду и эксплуатацию всех необходимых механизмов, оборудования и инструментов, бытовых помещений и биотуалетов; на подъем материалов и разноску по этажам к местам производства работ; выполнение сопутствующих работ; вывоз мусора; накладные расходы, прибыль организации, налоги и иные издержки Подрядчика.
A95: - | B95: Стоимость материалов учитывает стоимость доставки
A96: - | B96: В случае, если один из перечисленных прочих материалов не был использован по факту при производстве работ, заказчик вправе откорректировать процент прочих материалов в актах выполненных работ (формы КС-2, КС-3), уменьшив на сумму исключенного материала.
A97: - | B97: Стоимость СМР учитывает аренду фасадного подъемника/услуги альпиниста
A98: - | B98: Установка архитектурной подсветки включает в себя комплекс работ по монтажу кронштейнов и светильников
A99: - | B99: В случае увеличения налоговой нагрузки подрядчика стоимость договора остается фиксированной и изменению не подлежит.

Sheet работа
J1: Приложение №
J2: к Договору подряда №
A4: ПОДРЯДЧИК: | E4: ТЕХНИЧЕСКИЙ ЗАКАЗЧИК: | H4: ЗАКАЗЧИК:
E6: ООО "Технический заказчик "ЭНКО"
A8: ______________/ | E8: _____________/ С.И. Ярков | H8: _________________/ С.И. Ярков
A11: Ведомость работ
A14: № | B14: Наименование | C14: Марка/ Завод изготовитель | D14: Характеристика | E14: Ед. изм. | F14: Кол-во | G14: Цена за ед. | H14: Сумма | I14: Примечание | J14: Форма закупа материала
A15: 05 | B15: Фасад
A16: 05.05 | B16: Освещение фасада
A17: 05.05.01 | B17: Прокладка кабеля, трубы
A18: 05.05.01.00 | B18: Прокладка кабеля, трубы
B19: Работа:
B20: Прокладка кабеля тип 1 | E20: м | F20: 20 | H20: =G20*$F20 -> 0 | I20: ВВГнг(А)-LS-0,66 3х4
B21: Прокладка кабеля тип 2 | E21: м | F21: 1620 | H21: =G21*$F21 -> 0 | I21: ВВГнг(А)-LS-0,66 3х2,5
B22: Прокладка кабеля тип 3 | E22: м | F22: 2345 | H22: =G22*$F22 -> 0 | I22: ВВГнг(А)-LS-0,66 2х2,5
B23: Прокладка провода тип 1 | E23: м | F23: 30 | H23: =G23*$F23 -> 0 | I23: ПуГВнг(А)-LS 1х2,5
B24: Прокладка трубы тип 1 | E24: м | F24: 1935 | H24: =G24*$F24 -> 0
B25: Прокладка трубы тип 2 | E25: м | F25: 1455 | H25: =G25*$F25 -> 0
B26: Прокладка трубы тип 3 | E26: м | F26: 705 | H26: =G26*$F26 -> 0
B27: Прокладка трубы тип 4 | E27: м | F27: 12 | H27: =G27*$F27 -> 0
B28: Монтаж лотка | E28: м | F28: 96 | H28: =G28*$F28 -> 0
A29: 05.05.02 | B29: Установка оборудования
A30: 05.05.02.00 | B30: Установка оборудования
B31: Работа:
B32: Пробивка отверстий | E32: шт | F32: 391 | H32: =G32*$F32 -> 0
B33: Установка архитектурной подсветки фасада | E33: шт | F33: 391 | H33: =G33*$F33 -> 0
B34: Монтаж щита | E34: шт | F34: 10 | H34: =G34*$F34 -> 0
A35: 05.05.03 | B35: ПНР
A36: 05.05.03.00 | B36: Пусконаладочные работы
B37: Работа:
B38: Пусконаладочные работы освещения фасада | E38: комплекс | F38: 1 | H38: =G38*$F38 -> 0
A39: 05.05.99 | B39: Прочие работы
A40: 05.05.99.00 | B40: Прочие работы
B41: Работа:
B42: Юстировка осветительного оборудования | E42: комплекс | F42: 1 | H42: =G42*$F42 -> 0
B43: Аренда фасадного подъемника/услуги альпиниста | E43: комплекс | F43: 1 | H43: =G43*$F43 -> 0
G44: Итого стоимость работ | H44: =SUM(H20:H43) -> 0 | K44: Либо указать: Без НДС
B47: Примечание:
A48: - | B48: В пусконаладочных работах учитывать: Протоколы ЭТЛ
A49: - | B49: Стоимость СМР учитывает - затраты на все второстепенные материалы и работы необходимые для осуществления полного комплекса работ, включая затраты: обеспечение технической водой для производства работ и бытовых целей; на мобилизацию, аренду и эксплуатацию всех необходимых механизмов, оборудования и инструментов, бытовых помещений и биотуалетов; на подъем материалов и разноску по этажам к местам производства работ; выполнение сопутствующих работ; вывоз мусора; накладные расходы, прибыль организации, налоги и иные издержки Подрядчика.
A50: - | B50: Стоимость материалов учитывает стоимость доставки
A51: - | B51: В случае, если один из перечисленных прочих материалов не был использован по факту при производстве работ, заказчик вправе откорректировать процент прочих материалов в актах выполненных работ (формы КС-2, КС-3), уменьшив на сумму исключенного материала.
A52: - | B52: Стоимость СМР учитывает аренду фасадного подъемника/услуги альпиниста
A53: - | B53: Установка архитектурной подсветки включает в себя комплекс работ по монтажу кронштейнов и светильников
A54: - | B54: В случае увеличения налоговой нагрузки подрядчика стоимость договора остается фиксированной и изменению не подлежит.

Sheet материалы
J1: Приложение №
J2: к Договору подряда №
A4: ПОДРЯДЧИК: | E4: ТЕХНИЧЕСКИЙ ЗАКАЗЧИК: | H4: ЗАКАЗЧИК:
E6: ООО "Технический заказчик "ЭНКО"
A8: ______________/ | E8: _____________/ С.И. Ярков | H8: _________________/ С.И. Ярков
A11: Ведомость материалов
A14: № | B14: Наименование | C14: Марка/ Завод изготовитель | D14: Характеристика | E14: Ед. изм. | F14: Кол-во | G14: Цена за ед. | H14: Сумма | I14: Примечание | J14: Форма закупа материала
A15: 05 | B15: Фасад
A16: 05.05 | B16: Освещение фасада
A17: 05.05.01 | B17: Прокладка кабеля, трубы
A18: 05.05.01.00 | B18: Прокладка кабеля, трубы
B19: Материалы:
B20: Кабель тип 1 | C20: ВВГнг(А)-LS-0,66 | D20: 3х4 | E20: м | F20: 20 | H20: =G20*$F20 -> 0
B21: Кабель тип 2 | C21: ВВГнг(А)-LS-0,66 | D21: 3х2,5 | E21: м | F21: 1620 | H21: =G21*$F21 -> 0
B22: Кабель тип 3 | C22: ВВГнг(А)-LS-0,66 | D22: 2х2,5 | E22: м | F22: 2345 | H22: =G22*$F22 -> 0
B23: Провод тип 1 | C23: ПуГВнг(А)-LS | D23: 1х2,5 | E23: м | F23: 30 | H23: =G23*$F23 -> 0 | I23: ЩАХО-1,ЩАХО-2
B24: Труба тип 1 | C24: Промрукав | D24: Гофрированная труба из ПВХ d16 | E24: м | F24: 1935 | H24: =G24*$F24 -> 0 | I24: по плитам перекрытия,стенам фасадам.
B25: Труба тип 2 | C25: Промрукав | D25: Гофрированная труба из ПВХ d20 | E25: м | F25: 1455 | H25: =G25*$F25 -> 0 | I25: по плитам перекрытия,стенам фасадам.
B26: Труба тип 3 | C26: Промрукав | D26: Гофрированная труба из ПНД d20 | E26: м | F26: 705 | H26: =G26*$F26 -> 0 | I26: по плитам перекрытия,стенам фасадам.
B27: Труба тип 4 | C27: Промрукав | D27: Труба жесткая ПВХ 3-х метровая легкая атмосферостойкая d25 мм | E27: м | F27: 12 | H27: =G27*$F27 -> 0 | I27: Проходы через стены и перекрытия
B28: Лоток кабельный (шт) | C28: DKC | D28: Лоток 50х50 толщ. 1,2 мм, горячеоцинкованный, L=3000 м | E28: шт | F28: 32 | H28: =G28*$F28 -> 0
B29: Крышка для кабельного лотка | C29: DKC | D29: Крышка на лоток с заземлением осн. 50 мм, толщ. 1,2 мм, горячеоцинкованная | E29: шт | F29: 32 | H29: =G29*$F29 -> 0
B30: Прочие материалы
B31: Универсальный пластиковый держатель с бетоном | C31: DKC | E31: шт. | F31: 128 | H31: =G31*$F31 -> 0
B32: Скоба ВММ-10 (ТМ) | C32: DKC | E32: шт. | F32: 64 | H32: =G32*$F32 -> 0
B33: Саморез 5.5х13 мм, DIN7981 | E33: шт. | F33: 128 | H33: =G33*$F33 -> 0
B34: Шайба пружинная М6, ГОСТ 6402-70 | E34: шт. | F34: 64 | H34: =G34*$F34 -> 0
B35: Шайба плоская М6, ГОСТ 11371-78 | E35: шт. | F35: 128 | H35: =G35*$F35 -> 0
B36: Винт М6х10 мм, ГОСТ 17473-80 | E36: шт. | F36: 64 | H36: =G36*$F36 -> 0
B37: Гайка М6, ГОСТ 5915-70 | E37: шт. | F37: 64 | H37: =G37*$F37 -> 0
A38: 05.05.02 | B38: Установка оборудования
A39: 05.05.02.00 | B39: Установка оборудования
B40: Материалы:
B41: Архитектурная подсветка | C41: Range SPOT-110 | D41: Светильник светодиодный настенный Range SPOT-110, 12 Вт, 220 В, 10 град., 4000 К | E41: шт | F41: 95 | H41: =G41*$F41 -> 0 | I41: RAL по согласованию с Заказчиком ,на фасаде здания 1 этажа
B42: Архитектурная подсветка | C42: Range-А4 | D42: Прожектор светодиодный Range-A4, 3 Вт, 48 В, 3 град., 4000 К | E42: шт | F42: 296 | H42: =G42*$F42 -> 0 | I42: RAL по согласованию с Заказчиком ,на фасаде на высоте
B43: Щит фасадного освещения ЩАХО1 | C43: КЭАЗ | D43: ЩРН-п-54 IP41 | E43: шт | F43: 1 | H43: =G43*$F43 -> 0 | I43: ЩАХО1, Щит распределительный навесной пластиковый для модульной аппаратуры на 54 модуля ЩРН-п-54, белый, P-BNK-2-54-IP41 ЩРн-п-54 IP41, -шт. 1 состав которого входит: - Выключатель нагрузки однополюсный, In=20А, Ue=400, ВВН-102 2Р 20А -шт. 1; - Реле напряжения, In=25A, Un=220В РН25t НОВАТЕК-ЭЛЕКТРО -шт. 1;- Счетчик эл.энергии однофазный многотарифный, 5(60), кл.точ. 1.0, D, ЭМОУ,CE101 R5 145 M6,Энергомера шт. 1;- Автоматический выключатель однополюсный, In = 6 A, Ics = 4,5 кА,ВА101-1Р-006А-C-шт. 2; - Многофункциональное реле времени РЭВ-302, Un=90-420В, In=16A. РЭВ-302,НОВАТЕК-ЭЛЕКТРО-шт. 1;- Модульный контактор однополюсный, 2НО, In=20А;МК103-020A-230B-20-шт. 1;- Автоматический выключатель дифференциального тока, двухполюсный, хар. С, In=6А, Ue=230В, Ics = 4,5 кА, ΔI=30мА, ДИФ101-1N-006-030-C-шт. 5;- Реле ограничения пускового тока, In=8 A, Un=230 В, ограничение тока емкостных нагрузок 30 А МРП-108-шт. 4;- Шины на Din-рейку в корпусе (кросс-модуль),ШНК 2х15 L+PEN,YND10-2-15-125,IEK-шт. 1
B44: Щит фасадного освещения ЩАХО2 | C44: КЭАЗ | D44: ЩРН-п-54 IP41 | E44: шт | F44: 1 | H44: =G44*$F44 -> 0 | I44: Щит распределительный навесной пластиковый для модульной ЩРн-п-54 IP41 аппаратуры на 54 модуля ЩРН-п-36, белый, P-BNK-2-54-IP41 в состав которого входит: КЭАЗ-шт. 1; - Выключатель нагрузки однополюсный, In=20А, Ue=400 В ВН-102 2Р 20А шт. 1- Реле напряжения, In=25A, Un=220В РН25t НОВАТЕК-ЭЛЕКТРО-шт. 1;- Счетчик эл.энергии однофазный многотарифный, 5(60), кл.точ. 1.0, D, ЭМОУ CE101 R5 145 M6 Энергомера-шт. 1;- Автоматический выключатель однополюсный, In = 6 A, ВА101-1Р-006А-C Ics = 4,5 кА DEKraft-шт. 1;- Модульный контактор однополюсный, 2НО, In=20А МК103-020A-230B-20 DEKraft-шт. 1;- Автоматический выключатель дифференциального тока, двухполюсный, хар. С, In=6А, Ue=230В, Ics = 4,5 кА, ΔI=30мА ДИФ101-1N-006-030-C DEKraft-шт. 6;- Реле ограничения пускового тока, In=8 A, Un=230 В, ограничение тока емкостных нагрузок 30 А МРП-108-шт. 4; - Шины на Din-рейку в корпусе (кросс-модуль) ШНК 2х15 L+PEN YND10-2-15-125 IEK шт. 1
B45: Щит распределительный тип1 | C45: IEK | D45: ЩРн-12 IP54 | E45: шт | F45: 8 | H45: =G45*$F45 -> 0 | I45: Щит распределительный для модульной аппаратуры разм.240х330х120мм MKM11-N-12-54-Z-1шт в состав входит: Блок питания, 350 Вт, 48 В ERP-350-48 MEAN WELL-1шт, Диммер для регулирования светового потока, 48 В-1шт.
B46: Прочие материалы
B47: Крепление | C47: Range-A4 | D47: Крепление прожектора светодиодного Range-A4 к фасаду здания | E47: компл. | F47: 296 | H47: =G47*$F47 -> 0 | I47: RAL по согласованию с Заказчиком см. лист10062-СЗ26.ЭН1.Н1
B48: Крепление | C48: Range SPOT-110 | D48: Крепление светильника светодиодного настенного Range SPOT-110 к фасаду здания | E48: компл. | F48: 95 | H48: =G48*$F48 -> 0 | I48: RAL по согласованию с Заказчиком см. лист 10062-СЗ26.ЭН1.Н2
B49: Крепление | D49: Крепление лотка на кровле здания | E49: компл. | F49: 1 | H49: =G49*$F49 -> 0 | I49: 10062-СЗ26.ЭН1.Н3
B50: Коробка распределительная, IP55 | C50: Systeme Electric | D50: 85х85х40мм | E50: шт | F50: 16 | H50: =G50*$F50 -> 0 | I50: на плите перекрытия , на стенах здания
B51: Коробка распределительная, IP54 | C51: RUVinil | D51: 43х80х35мм | E51: шт | F51: 185 | H51: =G51*$F51 -> 0 | I51: на плите перекрытия , на стенах здания
B52: Площадка монтажная под винт | C52: IEK | D52: ПМ 22х16х6 мм | E52: шт | F52: 9168 | H52: =G52*$F52 -> 0
B53: Хомут морозостойкий | C53: IEK | D53: Хкм 3,6х200 | E53: шт | F53: 9168 | H53: =G53*$F53 -> 0
B54: Противопожарная монтажная пена | D54: 750 мл, выход пены на 45 литров | E54: шт | F54: 8 | H54: =G54*$F54 -> 0 | I54: Запенивание отверстий ,ниш
B55: Гвозди по бетону и метталлу | D55: Усиленные гвозди по бетону и металлу Toua CN EG Bullet Point - 25 мм | E55: упак. | F55: 10 | H55: =G55*$F55 -> 0
B56: Клемма 3-проводная прозрачная | D56: Клемма 3-проводная, прозрачная 0,5-4 мм2 | E56: шт | F56: 294 | H56: =G56*$F56 -> 0
B57: Клемма 5-проводная прозрачная | C57: Toua Premium FCG | D57: Клемма 5-проводная, прозрачная 0,5-4 мм2 | E57: шт | F57: 189 | H57: =G57*$F57 -> 0
B58: Баллон газовый | C58: WAGO | D58: Баллон газовый на 1000 гвоздей 165A с зеленым клапаном. | E58: шт | F58: 10 | H58: =G58*$F58 -> 0
G59: Итого стоимость материалов | H59: =SUM(H20:H58) -> 0 | K59: Либо указать: Без НДС
B62: Примечание:
A63: - | B63: В пусконаладочных работах учитывать: Протоколы ЭТЛ
A64: - | B64: Стоимость СМР учитывает - затраты на все второстепенные материалы и работы необходимые для осуществления полного комплекса работ, включая затраты: обеспечение технической водой для производства работ и бытовых целей; на мобилизацию, аренду и эксплуатацию всех необходимых механизмов, оборудования и инструментов, бытовых помещений и биотуалетов; на подъем материалов и разноску по этажам к местам производства работ; выполнение сопутствующих работ; вывоз мусора; накладные расходы, прибыль организации, налоги и иные издержки Подрядчика.
A65: - | B65: Стоимость материалов учитывает стоимость доставки
A66: - | B66: В случае, если один из перечисленных прочих материалов не был использован по факту при производстве работ, заказчик вправе откорректировать процент прочих материалов в актах выполненных работ (формы КС-2, КС-3), уменьшив на сумму исключенного материала.
A67: - | B67: Стоимость СМР учитывает аренду фасадного подъемника/услуги альпиниста
A68: - | B68: Установка архитектурной подсветки включает в себя комплекс работ по монтажу кронштейнов и светильников
A69: - | B69: В случае увеличения налоговой нагрузки подрядчика стоимость договора остается фиксированной и изменению не подлежит.
